 Dungeon Crawl Stone Soup version 0.24.0-13-gcf9b319 (webtiles) character file.

Game seed: 2295959994887470336, levelgen mode: deterministic

99 CabbageHands the Poker (level 4, -11/33 HPs)
             Began as a Demonspawn Gladiator on Nov 26, 2019.
             Mangled by an ogre
             ... wielding a +0 giant club
              (27 damage)
             ... on level 2 of the Dungeon on Nov 29, 2019.
             The game lasted 00:04:55 (967 turns).

CabbageHands the Poker (Demonspawn Gladiator)        Turns: 967, Time: 00:04:56

Health: -11/33     AC:  6    Str: 16    XL:     4   Next: 45%
Magic:  4/4        EV: 12    Int:  9    God:
Gold:   24         SH:  0    Dex: 16    Spells: 3/3 levels left

rFire    . . .     SeeInvis .   a - +0 trident
rCold    . . .     Gourm    .   (no shield)
rNeg     . . .     Faith    .   j - +0 ring mail
rPois    .         Spirit   .   c - +0 helmet
rElec    .         Reflect  .   (no cloak)
rCorr    .         Harm     .   (no gloves)
MR       .....                  (no boots)
Stlth    +.........             (no amulet)
HPRegen  0.11/turn              (no ring)
MPRegen  0.09/turn              (no ring)

@: no status effects
A: talons 1, thin skeletal structure 1, powered by death 1
a: no special abilities


You were on level 2 of the Dungeon.
You were not hungry.

You visited 1 branch of the dungeon, and saw 2 of its levels.

You collected 24 gold pieces.

Inventory:

Hand Weapons
 a - a +0 trident (weapon)
Missiles
 d - 2 throwing nets (quivered)
Armour
 b - a +0 leather armour
 c - a +0 helmet (worn)
 j - a +0 ring mail (worn)
Scrolls
 g - 2 scrolls of identify {unknown}
 h - a scroll of enchant weapon {unknown}
Potions
 e - a potion of degeneration {unknown}
 i - a potion of lignification {unknown}
 l - a potion of heal wounds {unknown}
Comestibles
 f - a ration
 k - a chunk of flesh


   Skills:
 - Level 2.0 Fighting
 * Level 4.2 Polearms
 - Level 1.7 Throwing
 + Level 1.9 Armour
 - Level 2.6 Dodging


You had 3 spell levels left.
You didn't know any spells.
Your spell library was empty.

Dungeon Overview and Level Annotations

Branches:
Dungeon (2/15)

Altars:


Innate Abilities, Weirdness & Mutations

You have sharp toenails.
You have a somewhat thin skeletal structure. (Dex +2, Stealth)
You regenerate a little health from kills.


Message History

A dart slug comes into view.
Press: ? - help, v - describe, . - travel
Here: an ogre, wielding a +0 giant club (lightly wounded)
The floor.
Unknown command.
You barely miss the ogre. You claw the ogre.
The ogre is moderately wounded.
The ogre barely misses you.
You hit the ogre.
The ogre is heavily wounded.
The ogre hits you with a +0 giant club!
Ouch! That really hurt!
Throwing (i - inventory)
d - 3 throwing nets (quivered)
Press: ? - help, Shift-Dir - straight line, f/p - ogre
Aim: an ogre, wielding a +0 giant club (heavily wounded)
You throw a throwing net.
The throwing net barely misses the ogre.
The ogre hits you with a +0 giant club!!
Ouch! That really hurt!
You die...

#...
#.##.##.....###
#...##.#.. #<....#
.....#.#.# #.....#
#...#.###.#####
#.....##..#
##.###..#..# #..#
#.....# #.##
#.#...# #@#
##.#...#
#O###....#>.#
#.##....##....
...#$†.........
..................#
....w........##....
............$..
...#(...##.#.... ..
#..... .#.##.


You could see an ogre and a dart slug.

Vanquished Creatures
  A bullfrog (D:2)
  A worm (D:2)
  2 dart slugs (D:1)
  A leopard gecko (D:1)
  5 bats
  3 giant cockroaches (D:1)
  2 goblins (D:1)
  5 hobgoblins
  A kobold (D:2)
  A frilled lizard (D:1)
  5 rats
27 creatures vanquished.

Notes
Turn   | Place    | Note
-------+----------+-------------------------------------------
     0 | D:1      | CabbageHands the Demonspawn Gladiator began the quest for
                  | the Orb.
     0 | D:1      | Reached XP level 1. HP: 16/16 MP: 1/1
   183 | D:1      | Reached skill level 3 in Polearms
   212 | D:1      | Gained mutation: You have a somewhat thin skeletal
                  | structure. (Dex +2, Stealth) [demonic ancestry]
   212 | D:1      | Reached XP level 2. HP: 22/22 MP: 2/2
   418 | D:1      | Reached skill level 1 in Armour
   876 | D:2      | Noticed a bullfrog
   888 | D:2      | Killed a bullfrog
   888 | D:2      | Reached skill level 4 in Polearms
   888 | D:2      | Gained mutation: You have sharp toenails. [demonic
                  | ancestry]
   888 | D:2      | Reached XP level 3. HP: 17/27 MP: 3/3
   888 | D:2      | Gained mutation: You regenerate a little health from kills.
                  | [demonic ancestry]
   888 | D:2      | Reached XP level 4. HP: 21/33 MP: 4/4
   943 | D:2      | Noticed an ogre
   967 | D:2      | Mangled by an ogre

Levels and vault maps discovered:
D:1:      nzn_arrival_crosshair, layout_loops_corners
D:2:      layout_rooms, doesnt_xom_only_xom, kennysheep_flooded_box,
          serial_bayou_crossing

Skill      XL: |  1  2 |
---------------+-------+-----
Polearms       | 3 4 |  4.2
Armour         | 1 |  1.9
Fighting       | |  2.0
Throwing       | |  1.7
Dodging        | |  2.6

Action                   |  1- 3 |  4- 6 || total
-------------------------+-------+-------++-------
Melee: Trident           |    97 |    16 ||   113
       Kick              |       |     5 ||     5
Throw: Throwing net      |       |     1 ||     1
 Stab: Sleeping          |     5 |       ||     5
Armor: Leather armour    |    26 |       ||    26
       Ring mail         |     3 |     3 ||     6
Dodge: Dodged            |    49 |     2 ||    51
